 Dungeon Crawl Stone Soup version 0.31-a0-188-g5e087ee2ca (webtiles) character file.

Game seed: 7877269239224533393

77 qw the Shooter (level 4, -1/25 HPs)
             Began as a Deep Elf Hunter on June 23, 2023.
             Slain by a gnoll
             ... wielding a +0 spear
              (4 damage)
             ... on level 3 of the Dungeon.
             The game lasted 00:00:30 (1612 turns).

qw the Shooter (Deep Elf Hunter)                    Turns: 1612, Time: 00:00:31

Health: -1/25      AC:  8    Str: 10    XL:     4   Next: 14%
Magic:  6/6        EV:  9    Int: 14    God:
Gold:   138        SH:  0    Dex: 18    Spells: 3/3 levels left

rFire   . . .        Y - +0 shortbow
rCold   . . .        (shield currently unavailable)
rNeg    . . .        f - +0 scale mail
rPois   .            i - +0 helmet
rElec   .            (no cloak)
rCorr   .            (no gloves)
SInv    .            j - +0 pair of boots
Will    .....        d - amulet of regeneration
Stlth   +            (no ring)
HPRegen 1.04/turn    (no ring)
MPRegen 0.10/turn

%: no passive effects
@: no status effects
A: no striking features
a: no special abilities


You were on level 3 of the Dungeon.
You visited 1 branch of the dungeon, and saw 3 of its levels.

You collected 138 gold pieces.


   Skills:
 - Level 1.5 Fighting
 + Level 7.5 Ranged Weapons
 - Level 2.4 Dodging
 - Level 1.2 Stealth


You had 3 spell levels left.
You didn't know any spells.
Your spell library was empty.

Inventory:

Hand Weapons
 Y - a +0 shortbow (weapon)
Armour
 f - a +0 scale mail (worn)
 i - a +0 helmet (worn)
 j - a +0 pair of boots (worn)
Jewellery
 d - an amulet of regeneration (around neck)
Potions
 a - a potion of heal wounds {unknown}
 e - a potion of attraction {unknown}
 h - a potion of resistance {unknown}

Dungeon Overview and Level Annotations

Branches:
Dungeon (3/15)

Altars:


Message History

You shoot an arrow. The arrow hits the gnoll!
You kill the gnoll!
The jackal bites you but does no damage.
The gnoll closely misses you. The jackal closely misses you.
You have reached level 4!
You feel clever.
You shoot an arrow. The arrow barely misses the jackal.
The arrow barely misses the gnoll.
The jackal barely misses you.
The gnoll hits you from afar with a +0 spear. x2
The jackal bites you but does no damage.
The gnoll barely misses you.
The gnoll hits you from afar with a +0 spear.
You shoot an arrow.
The arrow hits the jackal but does no damage.
The jackal bites you but does no damage.
The gnoll closely misses you. The gnoll hits you but does no damage.
The gnoll hits you from afar with a +0 spear.
The jackal barely misses you.
You shoot an arrow. The arrow closely misses the jackal.
The arrow closely misses the gnoll.
Reactivating autopickup.
You feel a bit more experienced. The jackal closely misses you.
The gnoll barely misses you.
The gnoll hits you but does no damage. x2; The jackal barely misses you.
A jackal comes into view.
You shoot an arrow. The arrow hits the jackal.
The jackal is moderately wounded.
The gnoll misses you.
The gnoll hits you from afar with a +0 spear. x2
The jackal bites you but does no damage.
The gnoll hits you but does no damage. x2
The gnoll hits you from afar with a +0 spear.
You shoot an arrow. The arrow closely misses the jackal.
The arrow closely misses the gnoll.
The jackal closely misses you.
The jackal bites you but does no damage.
The jackal barely misses you. The jackal closely misses you.
The gnoll hits you but does no damage. x2
The gnoll hits you from afar with a +0 spear.
You die...

.... #.# .... # #.. #...
.# #.# ######..# ..##
#.# g....#..###...# #.#
.......!......# #.#
......ggg...#.########.#
#h)##.#..........#
#@%##.#.########.#
#.###h.##.#.########.#
##......##.......)....#
..............##########
###.#.........#
.....#####.###
###.#######.#
#.........# ###########


You could see 3 gnolls and 2 jackals.

Vanquished Creatures
  A gnoll (D:3)
  2 adders (D:2)
  2 dart slugs
  6 endoplasms
  A goblin (D:1)
  4 hobgoblins
  2 jackals (D:3)
  7 kobolds
  2 quokkas
  4 ball pythons
  7 bats
  2 frilled lizards (D:1)
  3 rats
43 creatures vanquished.

Notes
Turn   | Place    | Note
-------+----------+-------------------------------------------
     0 | D:1      | qw the Deep Elf Hunter began the quest for the Orb.
     0 | D:1      | Reached XP level 1. HP: 12/12 MP: 3/3
     0 | D:1      | 0 ||| qw: Version: 0.3-a-9-g12657ce
     0 | D:1      | 0 ||| qw: Game counter: 3433
     0 | D:1      | 0 ||| qw: Always use a shield: true
     0 | D:1      | 0 ||| qw: God list: Okawaru
     0 | D:1      | 0 ||| qw: Allow faded altars: false
     0 | D:1      | 0 ||| qw: Do Orc after D:15 true
     0 | D:1      | 0 ||| qw: Do second Lair branch before Depths: true
     0 | D:1      | 0 ||| qw: Lair rune preference: random
     0 | D:1      | 0 ||| qw: Plans: Normal
     0 | D:1      | 0 ||| PLANNING D:1-11
   205 | D:1      | Reached skill level 6 in Ranged Weapons
   205 | D:1      | Reached XP level 2. HP: 16/16 MP: 4/4
   634 | D:1      | Reached XP level 3. HP: 20/20 MP: 5/5
   663 | D:1      | 663 ||| UPGRADING to amulet of regeneration.
   668 | D:1      | 668 ||| READING scroll labelled ILOERAU GAQOTT.
   669 | D:1      | 669 ||| READING scroll labelled YRIPSELORUTA.
   670 | D:1      | 670 ||| READING scroll labelled RADOIDE QOYHEO.
   671 | D:1      | 671 ||| DROPPING scroll of butterflies.
   894 | D:2      | Reached skill level 7 in Ranged Weapons
  1481 | D:2      | 1481 ||| UPGRADING to +0 scale mail.
  1491 | D:2      | 1491 ||| DROPPING +0 leather armour.
  1492 | D:2      | 1492 ||| UPGRADING to +0 helmet.
  1497 | D:2      | 1497 ||| UPGRADING to +0 pair of boots.
  1502 | D:2      | 1502 ||| READING scroll labelled EWNIRE WOUFOC.
  1503 | D:2      | 1503 ||| READING scroll labelled KUEQUZ GEAG.
  1591 | D:3      | 1591 ||| Stepping ~*~*~tactically~*~*~ (outnumbered).
  1600 | D:3      | 1600 ||| Stepping ~*~*~tactically~*~*~ (outnumbered).
  1608 | D:3      | Reached XP level 4. HP: 16/25 MP: 6/6
  1611 | D:3      | HP: 5/25 [gnoll/+0 spear (4)]
  1611 | D:3      | HP: 2/25 [gnoll/+0 spear (3)]
  1612 | D:3      | Slain by a gnoll

Levels and vault maps discovered:
D:1:      mrwooster_arrival_arrow, layout_loops_ring
D:2:      layout_loops_corners
D:3:      layout_loops_ring, marbit_many_paths, basic_ecumenical_altar,
          uniq_robin

Skill      XL: |  1  2  3 |
---------------+----------+-----
Ranged Weapons | 6 7 |  7.5
Fighting       | |  1.5
Dodging        | |  2.4
Stealth        | |  1.2

Action                     |  1- 3 |  4- 6 || total
---------------------------+-------+-------++-------
   Fire: Shortbow          |   111 |     5 ||   116
    Use: Scroll            |     5 |       ||     5
 Armour: Leather armour    |    13 |       ||    13
         Scale mail        |    19 |    11 ||    30
  Dodge: Dodged            |    41 |    11 ||    52

Table legend:
 A = Non-vault XP
 B = Vault XP
 C = Vault XP percentage of total XP
 D = Non-vault monster count
 E = Vault monster count
 F = Vault count percentage of total count
                 A         B        C        D         E       F
            +---------+---------+-------+---------+---------+-------
      Total |     111 |       0 |   0.0 |      43 |       0 |   0.0
            +---------+---------+-------+---------+---------+-------
        D:1 |      41 |       0 |   0.0 |      24 |       0 |   0.0
        D:2 |      42 |       0 |   0.0 |      12 |       0 |   0.0
        D:3 |      28 |       0 |   0.0 |       7 |       0 |   0.0
            +---------+---------+-------+---------+---------+-------
